 Dungeon Crawl Stone Soup version 0.23.0-28-g6fe0f4d (webtiles) character file.

Game seed: 10102544658562490702

30 Kairos the Shield-Bearer (level 3, 0/20 HPs)
             Began as a Vine Stalker Fighter on Feb 25, 2019.
             Slain by an adder (1 damage)
             ... on level 2 of the Dungeon.
             The game lasted 00:01:04 (910 turns).

Kairos the Shield-Bearer (Vine Stalker Fighter)      Turns: 910, Time: 00:01:05

Health: 0/20       AC:  8    Str: 24    XL:     3   Next: 20%
Magic:  0/13       EV:  5    Int: 13    God:
Gold:   52         SH:  9    Dex: 13    Spells: 2/2 levels left

rFire    . . .     SeeInvis .   a - +0 war axe
rCold    . . .     Gourm    .   c - +0 shield
rNeg     . . .     Faith    .   e - +0 chain mail
rPois    .         Spirit   +   (no helmet)
rElec    .         Reflect  .   (no cloak)
rCorr    .         Harm     .   (no gloves)
MR       .....                  (no boots)
Stlth    ..........             (no amulet)
HPRegen  0.06/turn              g - ring of magical power
MPRegen  0.13/turn              (no ring)

@: mighty, brilliant, lethally poisoned (0 -> -10)
A: fangs 2, magic shield, antimagic bite, no potion heal 3, rot immunity
a: no special abilities


You were on level 2 of the Dungeon.
You were not hungry.

You visited 1 branch of the dungeon, and saw 2 of its levels.

You collected 52 gold pieces.

Inventory:

Hand Weapons
 a - a +0 war axe (weapon)
Armour
 b - a +0 scale mail
 c - a +0 shield (worn)
 e - a +0 chain mail (worn)
Jewellery
 g - a ring of magical power (left hand)
Scrolls
 h - a scroll of enchant weapon {unknown}
 i - a scroll of remove curse {unknown}
 k - a scroll of noise {unknown}
 l - 2 scrolls of fear {unknown}
 m - 2 scrolls of identify {unknown}
 n - a scroll of teleportation {unknown}
Potions
 j - a potion of brilliance
Comestibles
 f - 6 rations


   Skills:
 + Level 3.0 Fighting
 + Level 2.2 Axes
 + Level 2.7 Armour
 + Level 3.0 Shields


You had 2 spell levels left.
You didn't know any spells.
Your spell library was empty.

Dungeon Overview and Level Annotations

Branches:
Dungeon (2/15)

Altars:

Annotations:
D:2 Sigmund


Innate Abilities, Weirdness & Mutations

You have extremely sharp teeth.
When hurt, damage is shared between your health and your magic reserves.
Your bite disrupts and absorbs the magic of your enemies.
Potions cannot restore your health.
You are immune to rotting.


Message History

Unknown command.
You feel sick.
Sigmund laughs darkly.
Sigmund hits you from afar with a +0 scythe of flaming.
* * * LOW HITPOINT WARNING * * *
Sigmund burns you.
* * * LOW HITPOINT WARNING * * *
The rat twitches its whiskers.
* * * LOW HITPOINT WARNING * * *
You feel sick. The adder bites you but does no damage.
It was a potion of brilliance.
You feel clever all of a sudden. The adder bites you.
* * * LOW HITPOINT WARNING * * *
You are more poisoned.
The adder poisons you! You block Sigmund's attack.
You feel very mighty all of a sudden.
* * * LOW HITPOINT WARNING * * *
You feel sick. The adder bites you.
You die...

<###.# .<..
#...# .# #.# #..
.###.# #..
#...## ### ##.##
######.. #.#
......# #.#
#.##..# #.#
#####.##@.##.#.
#.#
#....)@S.r.g.b.$
##.#
#.###.##.#.#!#.#
#..# #.#
#.##.#.# # #.##
#.# #..... . #.#
##.# ####.....
#.# #..# #.#####
#.# #.## #.# #.#
# #.#######.#
#.#
#.##>.).......


You could see Sigmund, an adder, a goblin, a bat and a rat.

Vanquished Creatures
  3 dart slugs
  A leopard gecko (D:1)
  4 goblins
  2 hobgoblins (D:1)
  2 jackals (D:1)
  4 kobolds (D:1)
  A ball python (D:1)
  A bat (D:1)
  A frilled lizard (D:1)
  3 rats (D:1)
22 creatures vanquished.

Notes
Turn   | Place    | Note
-------+----------+-------------------------------------------
     0 | D:1      | Kairos the Vine Stalker Fighter began the quest for the
                  | Orb.
     0 | D:1      | Reached XP level 1. HP: 11/11 MP: 2/2
   291 | D:1      | Reached XP level 2. HP: 16/16 MP: 3/3
   557 | D:1      | Reached XP level 3. HP: 20/20 MP: 4/4
   904 | D:2      | Noticed Sigmund
   910 | D:2      | HP: 1/20 [poisoned by an adder]
   910 | D:2      | Slain by an adder

Skill      XL: |  1  2 |
---------------+-------+-----
Axes           | 2 |  2.2
Shields        | 3 |  3.0
Fighting       | 3 |  3.0
Armour         | |  2.7

Action                   || total
-------------------------++-------
Melee: War axe           ||    54
       Bite              ||    13
  Use: Potion            ||     2
Armor: Scale mail        ||    11
       Chain mail        ||    26
Dodge: Dodged            ||    13
Block: Shield            ||    36
